 Dungeon Sprint DCSS version 0.31-a0-920-g28cbb04a8c (webtiles) character file.

Game seed: 15271466292345942772

590 sircluck the Grappler (level 7, -12/80 HPs)
             Began as a Troll Berserker on Oct 17, 2023.
             Was a High Priest of Trog.
             Mangled by a death yak (15 damage)
             ... in the Dungeon (Sprint VII: "The Pits").
             The game lasted 00:00:52 (234 turns).

sircluck the Grappler (Troll Berserker)              Turns: 234, Time: 00:00:53

Health: -12/80     AC:  4    Str: 28      XL:     7   Next: 15%
Magic:  6/6        EV: 11    Int:  3      God:    Trog [*****.]
Gold:   0          SH:  0    Dex:  8 (9)  Spells: 6/6 levels left

rFire   . .          .
                       - Unarmed
rCold   . . .        (no shield)
rNeg    . . .        a - +0 animal skin
rPois   .            (helmet restricted)
rElec   .            (no cloak)
rCorr   .            (gloves unavailable)
SInv    .            (boots unavailable)
Will    .....        (no amulet)
Stlth   +            (no ring)
HPRegen 1.13/turn    (no ring)
MPRegen 0.10/turn

%: no teleportation
@: no status effects
A: large, unfitting armour, claws 3, regeneration 1, shaggy fur 1, tough skin 1
a: Renounce Religion, Berserk, Trog's Hand, Brothers in Arms


You were in the Dungeon.
You worshipped Trog.
Trog was extremely pleased with you.
You visited 1 branch

Inventory:

Missiles
 k - 10 stones
Armour
 a - a +0 animal skin (worn)
Scrolls
 g - a scroll of blinking
 i - 2 scrolls of vulnerability
 j - a scroll of butterflies
Potions
 b - 6 potions of curing
 c - 6 potions of heal wounds
 d - a potion of haste
 e - 4 potions of magic
 f - 3 potions of berserk rage
 h - 2 potions of invisibility


   Skills:
 + Level 8.0 Fighting
 + Level 7.9 Dodging
 + Level 9.5 Unarmed Combat


You had 6 spell levels left.
You didn't know any spells.
Your spell library was empty.

Dungeon Overview and Level Annotations

Branches:
Dungeon (1/1)

Altars:
Ashenzari
Cheibriados
Dithmenos
Elyvilon
Fedhas
Gozag
Hepliaklqana
Kikubaaqudgha
Makhleb
Nemelex Xobeh
Okawaru
Qazlal
Ru
Sif Muna
Trog
Uskayaw
Vehumet
Wu Jian
Xom
Yredelemnul
Zin
The Shining One
Jiyva
Lugonu


Innate Abilities, Weirdness & Mutations

You are too large for most types of armour.
You have claws for hands.
Your natural rate of healing is unusually fast.
You are covered in fur. (AC +1)
You have tough skin. (AC +1)


Message History

You mangle the death yak!!
The death yak is moderately wounded.
The death yak gores you!
You are too injured to fight recklessly!
You are too injured to fight recklessly!
You are too injured to fight recklessly!
You are too injured to fight recklessly!
You are too injured to fight recklessly!
You are too injured to fight recklessly!
You are too injured to fight recklessly!
You are too injured to fight recklessly!
You are too injured to fight recklessly!
You are too injured to fight recklessly!
You are too injured to fight recklessly!
You are too injured to fight recklessly!
You are too injured to fight recklessly!
You are too injured to fight recklessly!
You scratch the death yak but do no damage.
The death yak is moderately wounded.
The death yak misses you.
You claw the death yak!
The death yak is heavily wounded.
The death yak gores you!!
* * * LOW HITPOINT WARNING * * *
You barely miss the death yak.
The death yak is heavily wounded.
You scratch the death yak.
The death yak is heavily wounded.
The death yak barely misses you.
You claw the death yak!
The death yak is severely wounded.
The death yak gores you!!
* * * LOW HITPOINT WARNING * * *
You completely miss the death yak.
The death yak is severely wounded.
The death yak gores you but does no damage.
You barely miss the death yak. Your claw misses the death yak.
The death yak is severely wounded.
The death yak gores you!
You die...

#.#..#.)))[##.......#
#'###########.......#
#)......# #########
#.†###..# #.......#
##.###.##+#
#.......#.+
#..###..#Y#
#.......@.#
###########


You could see a death yak.

Vanquished Creatures
  Grinder (D)
  A water moccasin (D)
  An ice beast (D)
  A centaur (D)
  A phantom (D)
  A quasit (D)
  2 ufetubi (D)
  An adder zombie (D)
  An orc (D)
  2 bat skeletons (D)
  A bat zombie (D)
  A hobgoblin (D)
  2 bats (D)
16 creatures vanquished.

Notes
Turn   | Place    | Note
-------+----------+-------------------------------------------
     0 | D        | sircluck the Troll Berserker began the quest for the Orb.
     0 | D        | Reached XP level 1. HP: 22/22 MP: 0/0
    33 | D        | Found a bloodstained altar of Trog.
    33 | D        | Found a shimmering blue altar of Sif Muna.
    33 | D        | Found a viscous altar of Jiyva.
    33 | D        | Found a hazy altar of Hepliaklqana.
    33 | D        | Found an opulent altar of Gozag.
    35 | D        | Found a glowing golden altar of the Shining One.
    35 | D        | Found a glowing silver altar of Zin.
    35 | D        | Found a basalt altar of Yredelemnul.
    35 | D        | Found a shimmering altar of Xom.
    35 | D        | Found an ornate altar of the Wu Jian Council.
    35 | D        | Found a sacrificial altar of Ru.
    35 | D        | Found a stormy altar of Qazlal.
    35 | D        | Found an iron altar of Okawaru.
    35 | D        | Found a sparkling altar of Nemelex Xobeh.
    35 | D        | Found a burning altar of Makhleb.
    35 | D        | Found a blossoming altar of Fedhas.
    35 | D        | Found a white marble altar of Elyvilon.
    35 | D        | Found a shadowy altar of Dithmenos.
    35 | D        | Found a snail-covered altar of Cheibriados.
    37 | D        | Found a radiant altar of Vehumet.
    37 | D        | Found a corrupted altar of Lugonu.
    38 | D        | Found a hide-covered altar of Uskayaw.
    38 | D        | Found an ancient bone altar of Kikubaaqudgha.
    38 | D        | Found a broken altar of Ashenzari.
    74 | D        | Reached ** piety under Trog
    96 | D        | Noticed an ice beast
   109 | D        | Killed an ice beast
   109 | D        | Reached *** piety under Trog
   110 | D        | Reached skill level 5 in Fighting
   110 | D        | Reached skill level 5 in Unarmed Combat
   110 | D        | Reached XP level 2. HP: 12/35 MP: 1/1
   110 | D        | Reached XP level 3. HP: 14/42 MP: 2/2
   110 | D        | Reached XP level 4. HP: 17/50 MP: 3/3
   112 | D        | Reached skill level 5 in Dodging
   112 | D        | Reached skill level 6 in Unarmed Combat
   176 | D        | Noticed a centaur
   176 | D        | Noticed a phantom
   176 | D        | Noticed Grinder
   182 | D        | Noticed a water moccasin
   186 | D        | Killed a phantom
   187 | D        | Reached skill level 7 in Unarmed Combat
   187 | D        | Reached XP level 5. HP: 59/59 MP: 4/4
   191 | D        | Killed a water moccasin
   191 | D        | Reached **** piety under Trog
   192 | D        | Reached skill level 8 in Unarmed Combat
   192 | D        | Reached XP level 6. HP: 68/68 MP: 5/5
   200 | D        | Killed Grinder
   200 | D        | Reached ***** piety under Trog
   201 | D        | Reached skill level 9 in Unarmed Combat
   201 | D        | Reached XP level 7. HP: 61/79 MP: 6/6
   225 | D        | Noticed a death yak
   232 | D        | HP: 1/80 [death yak (23)]
   234 | D        | Mangled by a death yak

Illustrated notes

Levels and vault maps discovered:
D:        pitsprint [storerooms_1, entrance_room_1, metal_vault_7, armoury_3,
          mini_pit_1, grid_room_1, main_hall_1, silver_pit, the_coven_3,
          the_vestibule_1, steel_vault_2, golden_pit, hallway_of_sentries,
          crystal_vault_4, iron_vault_2, final_vault]

Skill      XL: |  1  2  3  4  5  6  7 |
---------------+----------------------+-----
Dodging        | 4 5 6 7 |  7.9
Fighting       | 5 6 7 8 |  8.0
Unarmed Combat | 5 7 8 9 |  9.5

Action                     |  1- 3 |  4- 6 |  7- 9 || total
---------------------------+-------+-------+-------++-------
  Melee: Unarmed           |    19 |    21 |    11 ||    51
         Punch             |       |     1 |     1 ||     2
 Invoke: Berserk           |       |     1 |       ||     1
 Armour: Animal skin       |    31 |    16 |     9 ||    56
  Dodge: Dodged            |    19 |     9 |     2 ||    30

Table legend: (Time is in decaauts)
 A = Elapsed time spent in this place.
 B = Non-inter-level travel time spent in this place.
 C = Inter-level travel time spent in this place.
 D = Time resting spent in this place.
 E = Time spent auto-exploring this place.
 F = Levels seen in this place.
 G = Mean time per level.
                   A        B        C        D        E       F      G
               +--------+--------+--------+--------+--------+-----+--------+
         Total |    233 |    233 |      0 |      5 |     89 |   1 |  233.0 |
       Dungeon |    233 |    233 |      0 |      5 |     89 |   1 |  233.0 |
               +--------+--------+--------+--------+--------+-----+--------+

Top non-repeatable levels by time:
       D: 233 daAuts
